 Dungeon Crawl Stone Soup version 0.20-b1-24-gb21faa7 (webtiles) character file.

81 vatarom the Skirmisher (level 4, 48/48 HPs)
             Began as an Ogre Berserker on May 25, 2017.
             Was a Believer of Trog.
             Quit the game on level 3 of the Dungeon.
             The game lasted 00:05:51 (1313 turns).

vatarom the Skirmisher (Ogre Berserker)             Turns: 1313, Time: 00:05:51

Health: 48/48      AC:  5    Str: 21    XL:     4   Next: 40%
Magic:  4/4        EV: 11    Int:  8    God:    Trog [**....]
Gold:   60         SH:  0    Dex:  9    Spells: 3/3 levels left

rFire    x . .     SeeInvis .   i - +1 whip (elec)
rCold    + . .     Gourm    .   (no shield)
rNeg     . . .     Faith    .   b - +0 animal skin
rPois    .         Spirit   .   (helmet restricted)
rElec    .         Reflect  .   j - +1 cloak
rCorr    .         Harm     .   (gloves unavailable)
MR       .....                  (boots unavailable)
Stlth    +.........             (no amulet)
Regen    0.2/turn               k - ring of ice
MPRegen  0.1/turn               (no ring)

@: no status effects
A: unfitting armour, tough skin 1
a: Berserk, Trog's Hand, Burn Spellbooks, Renounce Religion


You were on level 3 of the Dungeon.
You worshipped Trog.
Trog was pleased with you.
You were not hungry.

You visited 1 branch of the dungeon, and saw 3 of its levels.

You collected 60 gold pieces.

Inventory:

Hand Weapons
 a - a +0 dagger of venom
 i - a +1 whip of electrocution (weapon)
Armour
 b - a +0 animal skin (worn)
 j - a +1 cloak (worn)
Jewellery
 k - a ring of ice (left hand)
Scrolls
 e - 2 scrolls of enchant weapon
 f - 3 scrolls of teleportation
 m - a scroll of identify
 n - a scroll of remove curse
Potions
 g - a potion of curing {unknown}
 l - a potion of mutation {unknown}
Comestibles
 c - 2 bread rations
 d - 2 fruits
 h - 2 meat rations


   Skills:
 * Level 4.0 Fighting
 - Level 4.0 Maces & Flails
 + Level 3.4 Dodging


You had 3 spell levels left.
You didn't know any spells.

Dungeon Overview and Level Annotations

Branches:
Dungeon (3/15)

Altars:
Okawaru
Ru


Innate Abilities, Weirdness & Mutations

You are too large for most types of armour.
You have tough skin. (AC +1)


Message History

A leopard gecko is nearby!
The leopard gecko hisses angrily.
The leopard gecko closely misses you.
You closely miss the leopard gecko. The leopard gecko closely misses you.
You hit the leopard gecko.
The leopard gecko is moderately wounded.
The leopard gecko closely misses you.
You hit the leopard gecko.
The leopard gecko is almost dead.
The leopard gecko bites you but does no damage.
You hit the leopard gecko.
You kill the leopard gecko!
Trog accepts your kill.
No target in view!
A frilled lizard comes into view.
The frilled lizard hisses angrily.
A frilled lizard is nearby!
A frilled lizard is nearby!
The frilled lizard unfolds its giant frill.
Are you sure you want to abandon this character and quit the game? (Confirm with "yes".)

#...#######..#.#
#. #..#.# #..#.#
##.####..#.#
...........#
.#.####†.###
#..# #..###
#@...#
......l.##.#
######### .# .#
.# .# .# .#


You could see a frilled lizard.

Vanquished Creatures
  Crazy Yiuf (D:2)
  A worm (D:2)
  2 leopard geckos
  A ball python (D:2)
  8 bats
  3 giant cockroaches
  3 goblins
  5 hobgoblins
  4 jackals (D:1)
  6 kobolds
  A frilled lizard (D:1)
  10 rats
45 creatures vanquished.

Notes
Turn   | Place    | Note
-------+----------+-------------------------------------------
     0 | D:1      | vatarom the Ogre Berserker began the quest for the Orb.
     0 | D:1      | Reached XP level 1. HP: 24/24 MP: 1/1
   135 | D:1      | Reached XP level 2. HP: 31/32 MP: 2/2
   367 | D:1      | Reached XP level 3. HP: 35/39 MP: 3/3
   469 | D:2      | Found an iron altar of Okawaru.
   477 | D:2      | Reached ** piety under Trog
   629 | D:2      | Found a sacrificial altar of Ru.
   820 | D:2      | Found a runed door.
   852 | D:2      | Noticed Crazy Yiuf
   862 | D:2      | Killed Crazy Yiuf
   862 | D:2      | Reached XP level 4. HP: 48/48 MP: 4/4
  1313 | D:3      | Quit the game

Skill      XL: |  1  2  3  4 |
---------------+-------------+-----
Dodging        | 3 |  3.4
Maces & Flails | 3 4 |  4.0
Fighting       | |  4.0

Action                   |  1- 3 |  4- 6 || total
-------------------------+-------+-------++-------
Melee: Mace              |    25 |       ||    25
       Whip              |    86 |    23 ||   109
Invok: Berserk           |     1 |       ||     1
  Use: Scroll            |     6 |     1 ||     7
  Eat: Bread ration      |       |     1 ||     1
       Chunk             |       |     1 ||     1
Armor: Animal skin       |    50 |     8 ||    58
Dodge: Dodged            |    75 |    17 ||    92
